 Dungeon Crawl Stone Soup version 0.25.0-33-gff14898491 (webtiles) character file.

Game seed: 7158547072178655295

1348 DocSulfur the Magician (level 8, -3/44 HPs)
             Began as a Deep Elf Wizard on July 6, 2020.
             Slain by an unseen horror (9 damage)
             ... on level 6 of the Dungeon.
             The game lasted 01:11:54 (9846 turns).

DocSulfur the Magician (Deep Elf Wizard)            Turns: 9846, Time: 01:11:55

Health: -3/44      AC:  4    Str:  4    XL:     8   Next: 36%
Magic:  28/28      EV: 15    Int: 26    God:
Gold:   305        SH:  0    Dex: 19    Spells: 8/19 levels left

rFire    . . .     SeeInvis .   p - +2 dagger (flame)
rCold    . . .     Gourm    .   (no shield)
rNeg     . . .     Faith    .   a - +0 robe
rPois    .         Spirit   .   j - +0 helmet
rElec    .         Reflect  .   (no cloak)
rCorr    .         Harm     .   (no gloves)
MR       .....                  y - +0 pair of boots
Stlth    ++........             C - amulet of inaccuracy
HPRegen  0.14/turn              e - +6 ring of dexterity
MPRegen  0.21/turn              f - ring of magical power

@: hasted, very quick
A: no striking features
a: no special abilities


You were on level 6 of the Dungeon.
You were not hungry.

You visited 2 branches of the dungeon, and saw 7 of its levels.

You collected 305 gold pieces.

Inventory:

Hand Weapons
 p - a +2 dagger of flaming (weapon)
 A - a +3 flail
Missiles
 g - 157 stones
 l - 24 poisoned darts (quivered)
 n - 14 sling bullets
 D - 7 throwing nets
Armour
 a - a +0 robe (worn)
 j - a +0 helmet (worn)
 y - a +0 pair of boots (worn)
 F - the cursed +0 scale mail "Jatirr" {rElec rC+ Str+7, unknown}
   (You found it on level 5 of the Dungeon)

   It affects your strength (+7).
   It protects you from cold.
   It insulates you from electricity.
   It has a curse placed upon it.
 G - a +0 buckler
Jewellery
 e - a +6 ring of dexterity (left hand)
 f - a ring of magical power (right hand)
 B - an uncursed ring of protection from cold {unknown}
 C - an amulet of inaccuracy (around neck)
Wands
 q - a wand of random effects (7)
Scrolls
 c - 2 scrolls of amnesia
 k - a scroll of enchant armour {unknown}
 o - a scroll of fog
 r - a scroll of random uselessness {unknown}
 s - 5 scrolls of remove curse
 u - a scroll of immolation {unknown}
 v - a scroll of teleportation {unknown}
 w - 2 scrolls of blinking {unknown}
 x - a scroll of enchant weapon {unknown}
Potions
 b - a potion of invisibility
 h - 4 potions of curing {unknown}
 i - 3 potions of haste
 m - 2 potions of heal wounds {unknown}
 t - a potion of flight
 z - 2 potions of brilliance {unknown}
 E - 2 potions of mutation {unknown}
 H - a potion of lignification {unknown}
Comestibles
 d - 7 rations


   Skills:
 + Level 2.1 Fighting
 - Level 4.2 Dodging
 - Level 2.4 Stealth
 * Level 0.0 Shields
 - Level 6.0 Spellcasting
 - Level 6.0 Conjurations
 - Level 4.0 Summonings
 - Level 2.0 Translocations
 - Level 5.0 Fire Magic
 - Level 2.0 Air Magic
 - Level 2.0 Poison Magic


You had 8 spell levels left.
You knew the following spells:

 Your Spells              Type           Power        Failure   Level  Hunger
a - Magic Dart            Conj           ####         1%          1    None
b - Mephitic Cloud        Conj/Pois/Air  ####....     5%          3    None
c - Call Imp              Summ           ####....     1%          2    None
d - Conjure Flame         Conj/Fire      #####...     2%          3    None
e - Blink                 Tloc           N/A          4%          2    None

Your spell library contained the following spells:

 Spells                   Type           Power        Failure   Level  Hunger
 Slow                     Hex            #.......     11%         2    None


Dungeon Overview and Level Annotations

Branches:
Dungeon (6/15)             Temple (1/1) D:6

Altars:
Ashenzari
Cheibriados
Elyvilon
Fedhas
Hepliaklqana
Makhleb
Okawaru
Qazlal
Ru
Sif Muna
Trog
Uskayaw
Vehumet
Wu Jian
Xom
Yredelemnul
Zin
The Shining One

Annotations:
D:6 exclusion: hornet


Message History

Something hits you but does no damage. Something hits you!
As you read the scroll labeled XURCHYU CEWE, it crumbles to dust.
You feel as if something is helping you.
It was a scroll of remove curse.
Something hits you but does no damage.
Okay, then.
Unknown command.
Okay, then.
Quiver which item? (- for none, * to show all) (? for menu, Esc to quit)
Okay, then.
You feel yourself speed up. Something hits you but does no damage.
Something hits you. x2
Something closely misses you.
An ice beast comes into view.
Something hits you!
* * * LOW HITPOINT WARNING * * *
You hit something but do no damage. Something hits you.
* * * LOW HITPOINT WARNING * * *
Something hits you!
You die...

........# ..:...#
#....# #####.#.####
########..........#
.(........##.#.##.#
.(........##.#.##.#
#########.##.#.##.#
#.##.@.##.#
#.##..###.# #.##.Y#
#.# #.##..# #.#
..##..# #.# #.###.#
#.#
...#.###.##########
...##.....<.....#
#.##.#########.#


You could see an ice beast.

Vanquished Creatures
  Sigmund (D:4)
  An ice beast (D:5)
  An ogre (D:4)
  A centaur (D:5)
  A gnoll sergeant (D:3)
  A scorpion (D:2)
  An orc priest (D:5)
  4 gnoll shamans (D:3)
  2 orc wizards
  A worker ant (D:4)
  41 gnolls (D:3)
  7 adders
  An ooze (D:3)
  An adder skeleton (D:4)
  3 worms (D:2)
  A leopard gecko (D:3)
  8 orcs
  3 ball pythons
  4 bats
  5 giant cockroaches
  9 goblins
  7 hobgoblins (D:2)
  19 jackals
  3 kobolds (D:1)
  A quokka (D:3)
  4 frilled lizards
  5 rats
136 creatures vanquished.

Vanquished Creatures (collateral kills)
  An ogre (D:4)
  An orc wizard (D:5)
  A centaur skeleton (D:4)
  4 gnolls (D:5)
  2 adders
  2 orcs (D:5)
  A giant cockroach (D:4)
  2 jackals (D:3)
  A leopard gecko skeleton (D:3)
15 creatures vanquished.

Grand Total: 151 creatures vanquished

Notes
Turn   | Place    | Note
-------+----------+-------------------------------------------
     0 | D:1      | DocSulfur the Deep Elf Wizard began the quest for the Orb.
     0 | D:1      | Reached XP level 1. HP: 10/10 MP: 7/7
   327 | D:1      | Reached XP level 2. HP: 15/15 MP: 4/9
   740 | D:1      | Reached skill level 5 in Spellcasting
  1188 | D:2      | Reached XP level 3. HP: 19/19 MP: 8/11
  1230 | D:2      | Learned a level 3 spell: Mephitic Cloud
  1233 | D:2      | Learned a level 2 spell: Call Imp
  1237 | D:2      | Learned a level 3 spell: Conjure Flame
  1240 | D:2      | Learned a level 2 spell: Blink
  1240 | D:2      | Noticed a scorpion
  2038 | D:2      | Reached XP level 4. HP: 15/24 MP: 13/13
  2493 | D:2      | Learned a level 2 spell: Slow
  3181 | D:3      | Reached XP level 5. HP: 26/28 MP: 11/14
  3341 | D:3      | Reached skill level 1 in Poison Magic
  3476 | D:3      | Reached skill level 1 in Air Magic
  3732 | D:3      | Found an iron altar of Okawaru.
  3943 | D:4      | Noticed an ogre
  4100 | D:4      | Killed an ogre
  4303 | D:4      | Noticed an ogre
  4309 | D:4      | Killed an ogre
  4309 | D:4      | Reached XP level 6. HP: 32/32 MP: 16/16
  4969 | D:4      | Found a stormy altar of Qazlal.
  4972 | D:4      | Noticed Sigmund
  5075 | D:4      | Killed Sigmund
  5193 | D:5      | Entered Level 5 of the Dungeon
  5193 | D:5      | Noticed an ice beast
  5469 | D:3      | Reached skill level 5 in Conjurations
  5986 | D:5      | Reached XP level 7. HP: 27/36 MP: 17/17
  8281 | D:3      | Reached XP level 8. HP: 41/41 MP: 7/19
  8385 | D:3      | Reached skill level 5 in Fire Magic
  8911 | D:5      | Reached skill level 1 in Fighting
  9003 | D:5      | Got a spiked scale mail
  9341 | D:6      | Noticed a hornet
  9460 | D:6      | Found a staircase to the Ecumenical Temple.
  9470 | Temple   | Entered the Ecumenical Temple
  9846 | D:6      | Slain by an unseen horror

Illustrated notes

Levels and vault maps discovered:
D:1:      dpeg_arrival_shelter, layout_loops_cross
D:2:      layout_loops_corners
D:3:      lemuel_castle_with_subvaults [lemuel_castle_interior_original],
          layout_basic, lemuel_coloured_pillars_altar,
          kennysheep_generic_room_12
D:4:      layout_basic, first_ration, nicolae_qazlal_general_emergency,
          uniq_sigmund
D:5:      layout_basic
D:6:      layout_loops_ring, lemuel_round_altar, overflow_temple_1_default,
          minmay_temple_entry_waves
Temple:   regret_index_temple_sphere_string

Skill      XL: |  1  2  3  4  5  6  7  8 |
---------------+-------------------------+-----
Conjurations   | 2 3 4 5 6 |  6.0
Spellcasting   | 5 6 |  6.0
Summonings     | 2 3 4 |  4.0
Translocations | 2 |  2.0
Poison Magic   | 2 |  2.0
Air Magic      | 1 2 |  2.0
Fire Magic     | 2 4 5 |  5.0
Fighting       | 2 |  2.1
Dodging        | 4 |  4.2
Stealth        | |  2.4

Action                   |  1- 3 |  4- 6 |  7- 9 || total
-------------------------+-------+-------+-------++-------
Melee: Dagger            |     3 |     2 |     3 ||     8
Throw: Dart              |    63 |    11 |     4 ||    78
       Stone             |     1 |     4 |       ||     5
 Cast: Magic Dart        |    67 |    91 |   258 ||   416
       Call Imp          |       |    27 |    10 ||    37
       Mephitic Cloud    |       |     5 |     8 ||    13
       Conjure Flame     |       |       |     2 ||     2
  Use: Scroll            |       |     2 |     3 ||     5
       Potion            |       |       |     1 ||     1
 Stab: Distracted        |       |     1 |     1 ||     2
  Eat: Chunk             |     3 |     4 |     8 ||    15
       Ration            |       |     3 |     1 ||     4
Armor: Robe              |     6 |     5 |     6 ||    17
Dodge: Dodged            |    25 |    14 |    24 ||    63
